Map: Triton LE

Players

Mez - Winner!

  • Race: Terran Terran
  • League: Master
  • Spawn Location: 5:00

ghidra

  • Race: Protoss Protoss
  • League: Diamond
  • Spawn Location: 11:00

VOD

Have the link to the VOD?

Description

Time

  • Played on: Aug. 23, 2019, 7:09 p.m.
  • Length: 19:39
Show
View Real Time Build Order
Export as new Build Order

Mez Terran - Winner!

Build Orders: Reaper Expand 

Get SALT Encoding   

  12  0:00  SCV  
  13  0:13  SCV  
  14  0:17  Supply Depot  
  14  0:25  SCV  
  15  0:39  SCV  
  15  0:40  Barracks  
  16  0:46  Refinery  
  16  0:51  SCV  
  17  1:03  SCV  
  18  1:15  SCV  
  19  1:29  Orbital Command, Reaper  
  20  1:40  Command Center  
  20  1:47  Bunker  
  20  1:57  Supply Depot  
  20  1:59  SCV  
  21  2:01  Marine  
  22  2:11  SCV  
  23  2:21  Barracks Reactor  
  23  2:29  Command Center  
  23  2:33  SCV  
  24  2:45  SCV  
  25  2:53  Orbital Command  
  25  2:55  Barracks  
  25  2:57  Marine x2  
  27  3:02  SCV  
  28  3:06  Barracks  
  28  3:15  SCV  
  28  3:16  Marine x2  
  31  3:25  SCV  
  32  3:27  SCV  
  33  3:37  SCV  
  33  3:39  SCV  
  33  3:40  Engineering Bay  
  35  3:42  Barracks Tech Lab, Marine  
  35  3:43  Marine  
  35  3:45  Orbital Command  
  37  3:50  SCV  
  37  3:55  Barracks Tech Lab  
  38  3:56  SCV  
  38  4:02  Marine x2, SCV  
  42  4:04  Stimpack  
  42  4:05  Marauder  
  42  4:08  SCV  
  42  4:09  Terran Infantry Weapons Level 1  
  45  4:12  SCV  
  45  4:14  SCV  
  47  4:19  Marauder  
  47  4:20  SCV  
  50  4:24  Refinery, SCV  
  50  4:25  Refinery  
  50  4:26  SCV  
  50  4:27  Supply Depot  
  50  4:29  Marauder  
  50  4:30  Marine x2  
  55  4:38  SCV x2  
  55  4:39  SCV  
  55  4:42  Marauder  
  60  4:50  Supply Depot  
  60  4:51  Marine x3  
  63  4:58  Factory, SCV x2  
  65  5:02  Marine  
  66  5:10  Barracks  
  66  5:11  Refinery  
  66  5:12  Combat Shield, Barracks, Marine x3  
  69  5:17  SCV x3  
  69  5:19  Orbital Command  
  71  5:29  SCV x2  
  71  5:32  Marauder  
  71  5:33  Marauder  
  77  5:45  Starport, Factory Reactor  
  77  5:47  Supply Depot  
  77  5:48  Supply Depot  
  77  5:49  Supply Depot  
  77  5:50  Supply Depot  
  77  5:53  SCV  
  77  5:54  Marine  
  77  6:01  SCV  
  77  6:02  SCV  
  77  6:04  Marine  
  77  6:05  Barracks Tech Lab, Barracks Reactor  
  77  6:09  Marauder x2  
  70  6:28  Marine  
  70  6:29  Marauder, Marine  
  70  6:30  Marauder x2, SCV x2  
  67  6:46  Marine  
  67  6:49  SCV  
  67  6:50  Marauder, SCV x2  
  67  6:51  Marine  
  67  6:52  Marauder x2  
  61  7:02  SCV x3  
  63  7:10  Medivac  
  63  7:11  Medivac  
  63  7:12  Marauder  
  63  7:13  Marauder  
  71  7:18  SCV x3  
  74  7:23  Concussive Shells  
  74  7:30  SCV  
  74  7:35  Factory Reactor  
  74  7:36  Terran Infantry Armor Level 1  
  75  7:39  Marauder x2, Armory  
  75  7:40  Marauder  
  75  7:41  Engineering Bay  
  75  7:42  Marine x4  
  85  7:48  Medivac x2  
  85  7:49  SCV  
  85  7:50  SCV x2  
  92  7:58  Supply Depot  
  92  8:00  Supply Depot  
  92  8:01  Marauder  
  92  8:02  SCV x3  
  97  8:08  Missile Turret  
  97  8:10  Marauder x2, Missile Turret, Marine x2  
  103  8:19  Medivac x2, Ghost Academy  
  107  8:22  Widow Mine x2  
  107  8:24  Starport  
  111  8:34  Marauder x2, Marine x3  
  111  8:35  Marauder, Marine  
  111  8:39  SCV x3  
  123  8:49  Widow Mine, Refinery  
  123  8:50  Refinery  
  125  9:06  Starport Tech Lab  
  125  9:15  Supply Depot  
  125  9:19  Command Center  
  125  9:20  Supply Depot  
  125  9:21  Supply Depot  
  125  9:27  Medivac x2, SCV x3, Marine  
  125  9:29  Supply Depot  
  133  9:33  Marine x2  
  133  9:34  Liberator  
  133  9:35  Ghost x2  
  131  9:39  SCV  
  131  9:40  Liberator x2  
  123  9:47  Marine x3  
  123  9:51  Marine x2  
  131  9:53  Barracks  
  131  9:54  Barracks  
  131  9:55  SCV x2  
  131  9:56  Barracks  
  139  10:03  Marine  
  140  10:11  Marauder x2, Marine x4  
  146  10:17  Liberator  
  146  10:21  Widow Mine x2  
  150  10:22  Marauder, SCV x3  
  150  10:25  Liberator x2  
  126  10:54  Marauder x3, Marine  
  131  10:57  Barracks Tech Lab x2, Barracks Reactor  
  131  11:00  Liberator  
  131  11:02  Planetary Fortress  
  131  11:08  Liberator  
  131  11:14  Terran Infantry Weapons Level 2  
  131  11:15  Marauder  
  131  11:17  Terran Infantry Armor Level 2  
  139  11:26  SCV x2  
  139  11:27  SCV  
  139  11:30  Missile Turret  
  139  11:31  Refinery  
  142  11:37  Refinery  
  142  11:38  SCV  
  143  11:41  Terran Ship Weapons Level 1  
  143  11:43  Fusion Core  
  143  11:48  Marine x5  
  143  11:49  Ghost x2  
  152  12:07  Ghost x2, Marine x4  
  152  12:08  Marine  
  161  12:14  Viking x2  
  165  12:28  Command Center  
  162  12:30  Viking  
  162  12:33  Starport  
  164  12:38  Command Center  
  164  12:42  Marauder x5, Marine x4  
  178  12:44  Viking  
  180  12:54  Viking  
  179  13:11  Missile Turret  
  179  13:16  Refinery  
  179  13:17  Refinery  
  179  13:20  Marauder  
  179  13:25  Supply Depot  
  179  13:28  Viking x3  
  179  13:29  Marauder x2, Viking x2  
  193  13:35  Sensor Tower  
  186  13:53  Planetary Fortress  
  186  13:58  Viking x3  
  186  13:59  Viking  
  194  14:15  Ghost x2  
  194  14:16  Marine  
  192  14:31  Advanced Ballistics  
  192  14:39  Missile Turret  
  192  14:49  Missile Turret  
  178  15:07  Missile Turret  
  178  15:10  Marine  
  178  15:11  Marauder x3, Marine x2  
  155  15:19  Liberator x4  
  131  15:21  Marine x4  
  129  15:28  Marine  
  129  15:29  Marine x2  
  129  15:32  Marine x3  
  133  15:37  Orbital Command  
  133  15:39  Marine x4  
  149  15:43  Command Center  
  149  15:46  Marine  
  150  15:54  Enhanced Shockwaves  
  150  15:56  Ghost x3  
  152  15:57  Ghost, Marine  
  152  15:58  Marine x2  
  152  16:01  Barracks Tech Lab x2  
  152  16:04  Liberator x3  
  161  16:11  Medivac  
  163  16:20  Marauder x2, Marine x2  
  178  16:32  Liberator  
  178  16:33  Liberator  
  178  16:37  Marauder  
  178  16:38  Supply Depot  
  182  16:55  Marauder x4  
  190  17:04  Viking x2  
  194  17:13  Marauder x2, Marine x2  
  191  17:47  Marauder, Viking x2, Marine  
  191  17:48  Viking  
  197  18:33  Ghost  
  197  18:54  Viking x2  
Show
View Real Time Build Order
Export as new Build Order

ghidra Protoss 

Build Orders: 1 Gate Expand, Double Forge, Blink Stalkers 

Get SALT Encoding   

  12  0:00  Probe  
  13  0:12  Probe  
  14  0:18  Pylon  
  14  0:25  Probe  
  15  0:37  Probe  
  15  0:38  Gateway  
  16  0:45  Probe  
  17  0:53  Probe  
  18  0:58  Assimilator  
  18  1:03  Probe  
  19  1:15  Probe  
  20  1:24  Nexus  
  20  1:35  Cybernetics Core  
  20  1:38  Probe  
  21  1:45  Pylon  
  21  1:51  Probe  
  22  1:55  Assimilator  
  22  2:02  Stalker  
  22  2:03  Probe  
  23  2:12  Warp Gate  
  25  2:18  Probe  
  26  2:30  Probe  
  26  2:32  Stalker  
  29  2:38  Probe, Twilight Council  
  29  2:40  Probe  
  31  2:46  Probe  
  32  2:52  Probe  
  32  2:56  Probe  
  34  3:04  Probe, Stalker  
  37  3:06  Blink  
  37  3:08  Probe  
  38  3:17  Probe  
  39  3:20  Probe  
  40  3:29  Probe  
  40  3:32  Probe  
  42  3:36  Pylon  
  42  3:38  Stalker  
  42  3:41  Probe  
  45  3:44  Probe  
  46  3:54  Probe  
  47  3:56  Probe  
  48  4:04  Nexus  
  48  4:05  Pylon  
  48  4:06  Robotics Facility  
  48  4:09  Gateway  
  48  4:10  Gateway  
  48  4:17  Assimilator  
  48  4:21  Forge  
  48  4:23  Forge  
  48  4:27  Probe  
  49  4:37  Protoss Ground Armor Level 1, Probe, Protoss Ground Weapons Level 1  
  50  4:49  Gateway  
  50  4:51  Gateway  
  50  4:53  Gateway  
  50  4:57  Gateway  
  50  4:58  Observer, Gateway  
  51  5:16  Observer, Stalker x3  
  58  5:33  Probe x3  
  61  5:40  Pylon  
  61  5:43  Stalker x3  
  61  5:45  Probe x3  
  70  5:57  Probe x3  
  73  6:07  Zealot x6  
  79  6:17  Stalker x2  
  63  6:28  Stalker  
  63  6:29  Stalker x4  
  67  6:42  Stalker  
  67  6:43  Stalker  
  65  7:02  Protoss Ground Armor Level 2, Protoss Ground Weapons Level 2  
  63  7:19  Probe x3  
  66  7:28  Pylon  
  66  7:31  Probe  
  67  7:38  Probe x2  
  67  7:43  Immortal  
  69  7:49  Charge  
  73  7:57  Pylon  
  73  7:58  Pylon  
  73  8:00  Pylon  
  73  8:05  Zealot x2  
  77  8:10  Immortal  
  77  8:15  Probe x3  
  80  8:22  Zealot x6  
  96  8:27  Probe x3  
  99  8:36  Stalker  
  101  8:42  Pylon x2  
  101  8:44  Pylon  
  101  8:54  Shield Battery x2  
  101  8:55  Shield Battery  
  101  9:01  Pylon  
  99  9:05  Zealot x3, Stalker x2  
  99  9:06  Zealot x3  
  115  9:10  Immortal  
  119  9:31  Assimilator  
  119  9:33  Robotics Bay  
  115  9:39  Protoss Ground Weapons Level 3  
  115  9:40  Protoss Ground Armor Level 3  
  107  9:49  Zealot x8  
  107  9:52  Warp Prism  
  115  9:54  Pylon  
  115  10:01  Robotics Facility  
  117  10:12  Pylon, Zealot x4  
  117  10:13  Zealot x2  
  106  10:46  Immortal  
  94  10:56  Immortal, Zealot x8  
  109  11:20  Colossus  
  109  11:21  Probe x3, Assimilator  
  112  11:31  Colossus  
  118  11:33  Extended Thermal Lance  
  118  11:37  Zealot x6  
  118  11:38  Zealot x2  
  140  12:01  Stalker  
  140  12:02  Stalker x4  
  144  12:13  Stalker x3  
  145  12:29  Probe x3  
  144  12:34  Assimilator  
  144  12:39  Pylon  
  144  12:40  Pylon  
  144  12:41  Probe  
  144  12:43  Pylon  
  145  12:46  Colossus  
  147  12:57  Colossus  
  152  13:01  Probe x3  
  152  13:03  Protoss Shields Level 1  
  155  13:06  Zealot x8  
  171  13:28  Pylon  
  171  13:29  Pylon  
  171  13:31  Pylon  
  157  13:58  Zealot x7  
  157  13:59  Zealot  
  174  14:10  Observer  
  160  14:27  Stalker x3  
  160  14:28  Stalker x5  
  170  14:44  Nexus  
  170  14:46  Observer  
  169  15:04  Colossus x2  
  125  15:21  Protoss Shields Level 2  
  83  15:41  Probe  
  83  15:42  Probe x2  
  86  15:50  Probe x3  
  86  15:52  Templar Archives  
  89  15:58  Colossus x2, Probe  
  89  15:59  Probe x2  
  89  16:00  Probe  
  105  16:10  Probe  
  106  16:11  Probe  
  106  16:12  Probe  
  108  16:21  Psionic Storm  
  108  16:22  Zealot x4  
  116  16:27  Assimilator  
  116  16:28  Assimilator  
  116  16:39  High Templar x4  
  124  16:51  Colossus  
  130  16:57  Probe x2  
  130  16:58  Probe  
  133  17:14  Zealot x7  
  133  17:15  Zealot  
  131  17:58  Stalker x2  
  135  18:02  Zealot x3  
  135  18:03  Zealot x3  
  144  18:26  High Templar x8  
  158  18:33  Archon x3  
  157  18:34  Archon  
  157  18:45  Nexus  
  156  18:58  Stalker  
  156  18:59  Stalker x2  
  162  19:11  Sentry x2  
  160  19:21  Archon  
  160  19:23  Archon  
Tags
 
Add a new tag
Caveats
  • Supply blocks, unpowered buildings, or Contaminate may cause inaccurate times.
  • Supply counts are checked every 10 seconds.